 Dungeon Crawl Stone Soup version 0.31.0 (webtiles) character file.

Game seed: 13661159840900151286

5261 qw the Skirmisher (level 10, -7/64 HPs)
             Began as a Gargoyle Hunter on Jan 19, 2024.
             Mangled by a four-headed hydra (9 damage)
             ... on level 8 of the Dungeon.
             The game lasted 00:00:43 (8214 turns).

qw the Skirmisher (Gargoyle Hunter)                 Turns: 8214, Time: 00:00:44

Health: -7/64      AC: 18    Str: 19    XL:     10   Next: 62%
Magic:  10/10      EV: 15    Int: 16    God:
Gold:   336        SH:  0    Dex: 26    Spells: 9/9 levels left

rFire   . . .        a - +3 shortbow
rCold   . . .        (shield currently unavailable)
rNeg    + . .        q - +1 ring mail {rPois}
rPois   inf          j - +1 helmet
rElec   +            l - +0 cloak
rCorr   .            (no gloves)
SInv    .            o - +0 pair of boots
Will    .....        (no amulet)
Stlth   ++           h - ring of Nionixol {^Drain Str+4 Int+6 Dex+3}
HPRegen 0.30/turn    c - +6 ring of dexterity
MPRegen 0.12/turn

%: no passive effects
@: about to teleport
A: sickness immunity, AC +7, negative energy resistance 1, electricity
resistance, torment resistance 1, petrification resistance
a: no special abilities


You were on level 8 of the Dungeon.
You visited 2 branches of the dungeon, and saw 9 of its levels.

You collected 336 gold pieces.


Innate Abilities, Weirdness & Mutations

You are immune to sickness and miasma.
Your stone body is resilient. (AC +7)
You are immune to poison.
You resist negative energy. (rN+)
You are resistant to electric shocks. (rElec)
You are resistant to unholy torment.
You are immune to petrification.


   Skills:
 - Level 8.0 Fighting
 + Level 12.3 Ranged Weapons
 - Level 4.5 Armour
 - Level 5.0 Dodging
 - Level 1.1 Stealth


You had 9 spell levels left.
You didn't know any spells.
Your spell library was empty.

Inventory:

Hand Weapons
 a - a +3 shortbow (weapon)
Armour
 j - a +1 helmet (worn)
 l - a +0 cloak (worn)
 o - a +0 pair of boots (worn)
 q - a +1 ring mail of poison resistance (worn)
Jewellery
 c - a +6 ring of dexterity (right hand)
 h - the ring of Nionixol (left hand) {^Drain Str+4 Int+6 Dex+3}
   (You found it on level 2 of the Dungeon)

   [ring of intelligence]

   Str+4:     It affects your strength (+4).
   Int+6:     It affects your intelligence (+6).
   Dex+3:     It affects your dexterity (+3).
   ^Drain:    It drains your maximum health when unequipped.
Scrolls
 d - 2 scrolls of teleportation
Potions
 b - a potion of curing
 e - a potion of might {unknown}
 g - a potion of heal wounds {unknown}
 i - a potion of cancellation {unknown}
 k - a potion of lignification {unknown}
 m - a potion of magic {unknown}
 n - a potion of haste {unknown}
 p - a potion of degeneration {unknown}

Dungeon Overview and Level Annotations

Branches:
Dungeon (8/15)             Temple (1/1) D:5
   Lair: D:8-11

Altars:
Ashenzari
Dithmenos
Elyvilon
Gozag
Hepliaklqana
Makhleb
Nemelex Xobeh
Qazlal
Trog
Uskayaw
Wu Jian
Xom
Yredelemnul
Zin
The Shining One

Shops:
D:1 *   D:6 (=

Annotations:
D:3 1 runed translucent door, Crazy Yiuf
D:6 2 runed translucent doors, qw's ghost, novice GrHu


Message History

The bolt of negative energy hits you. You partially resist.
You feel drained. The laughing skull misses you.
A four-headed hydra comes into view.
You shoot an arrow. The arrow hits the laughing skull.
The laughing skull is almost destroyed.
The laughing skull headbutts you.
You shoot an arrow. The arrow hits the laughing skull!
You destroy the laughing skull!
Your life force feels restored.
You shoot an arrow. The arrow hits the four-headed hydra!
The four-headed hydra is lightly wounded.
You hear a bark!
A raiju comes into view.
You shoot an arrow. The arrow hits the raiju.
The raiju is lightly wounded.
The raiju completely misses you.
You shoot an arrow. The arrow hits the four-headed hydra.
The four-headed hydra is lightly wounded.
The four-headed hydra misses you. The four-headed hydra bites you!
The four-headed hydra barely misses you.
The four-headed hydra bites you!
The raiju bursts into living lightning!
The living lightning misses you.
The raiju blinks!
8212 ||| READING 3 scrolls of teleportation.
As you read the scroll of teleportation, it crumbles to dust.
You feel strangely unstable.
The four-headed hydra bites you but does no damage.
The four-headed hydra barely misses you. x2
The four-headed hydra closely misses you.
The raiju closely misses you.
You shoot an arrow. The arrow hits the four-headed hydra.
The four-headed hydra is moderately wounded.
The four-headed hydra bites you but does no damage.
The four-headed hydra bites you.
The four-headed hydra closely misses you. x2
The raiju completely misses you.
You shoot an arrow. The arrow hits the four-headed hydra.
The four-headed hydra is moderately wounded.
The four-headed hydra bites you! x2
You die...

. #. ## .. #. .7
#.77 .7 #..77 .7
########..7777.7
............D@7
#.....))7777h7
#.##...77 .7
#...77 .7
#.#....7 .7
#.#....7 ..
######.###..7 ..
#......# #./. .#
.##.#############


You could see a four-headed hydra and a raiju.

Vanquished Creatures
  Pikel (D:6)
  A hornet (D:7)
  5 yaks (D:7)
  Eustachio (D:6)
  2 steam dragons
  2 water moccasins
  4 orc warriors (D:7)
  2 sky beasts
  A black bear (D:7)
  A laughing skull (D:8)
  11 ogres
  A centaur (D:7)
  4 lemures (D:6)
  A kobold brigand (D:7)
  2 phantoms
  Blork the orc (D:5)
  A bullfrog (D:6)
  2 scorpions
  3 wights (D:8)
  3 howler monkeys (D:7)
  A jelly (D:5)
  3 orc priests (D:7)
  4 gnoll boudas
  A sleepcap (D:7)
  A hound (D:6)
  6 iguanas
  3 orc wizards (D:7)
  Robin (D:4)
  13 gnolls
  6 adders
  A shadow imp (D:5)
  4 white imps
  2 ufetubi (D:6)
  4 dart slugs
  A ribbon worm (D:5)
  16 orcs
  3 bats
  6 endoplasms
  A giant cockroach (D:4)
  23 goblins
  3 hobgoblins
  7 jackals
  9 kobolds
  2 quokkas
  7 ball pythons
  2 frilled lizards
  7 rats
186 creatures vanquished.

Notes
Turn   | Place    | Note
-------+----------+-------------------------------------------
     0 | D:1      | qw the Gargoyle Hunter began the quest for the Orb.
     0 | D:1      | Reached XP level 1. HP: 12/12 MP: 1/1
     0 | D:1      | 0 ||| qw: Version: 0.3-a-132-g3d54051
     0 | D:1      | 0 ||| qw: Game counter: 358
     0 | D:1      | 0 ||| qw: Melee chars always use a shield: true
     0 | D:1      | 0 ||| qw: God list: Okawaru
     0 | D:1      | 0 ||| qw: Allow faded altars: false
     0 | D:1      | 0 ||| qw: Do Orc after clearing Dungeon:15 true
     0 | D:1      | 0 ||| qw: Do second Lair branch before Depths: true
     0 | D:1      | 0 ||| qw: Lair rune preference: random
     0 | D:1      | 0 ||| qw: Goals: Normal
     0 | D:1      | 0 ||| PLANNING D:1-11
    73 | D:1      | Found Xuat's General Store.
    85 | D:1      | 85 ||| SHOPLISTING +0 ring mail (52 gold, have 13).
   128 | D:1      | Found a faded altar of an unknown god.
   162 | D:1      | Reached XP level 2. HP: 17/17 MP: 2/2
   463 | D:1      | 463 ||| READING scroll labelled DUROIXK TIKORU.
   468 | D:1      | 468 ||| READING scroll labelled MIMIFU QIAT.
   468 | D:1      | 468 ||| ENCHANTING +0 shortbow.
   469 | D:1      | 469 ||| READING 2 scrolls labelled HAUMAI PUSTRU.
   470 | D:1      | 470 ||| READING scroll labelled UPI CUPSOTHRI.
   571 | D:1      | 571 ||| READING scroll labelled WACAULY UKIJO.
   571 | D:1      | 571 ||| IDENTIFYING fizzy green potion
   572 | D:1      | 572 ||| READING scroll labelled MEILOV AMULUIDGH.
   573 | D:1      | 573 ||| DROPPING scroll of butterflies.
   574 | D:1      | 574 ||| DROPPING potion of attraction.
   575 | D:1      | 575 ||| DROPPING scroll of revelation.
  1213 | D:2      | Reached XP level 3. HP: 21/21 MP: 3/3
  1246 | D:2      | Identified the ring of Nionixol {^Drain Str+4 Int+6 Dex+3}
  1260 | D:2      | 1260 ||| READING scroll of enchant weapon.
  1260 | D:2      | 1260 ||| ENCHANTING +1 shortbow.
  1269 | D:2      | Reached skill level 5 in Ranged Weapons
  1503 | D:2      | 1503 ||| UPGRADING to +0 ring mail.
  1513 | D:2      | 1513 ||| DROPPING +0 leather armour.
  1514 | D:2      | 1514 ||| DROPPING ring of wizardry.
  1515 | D:2      | 1515 ||| UPGRADING to ring of Nionixol {^Drain Str+4 Int+6
                  | Dex+3}.
  1516 | D:2      | 1516 ||| READING scroll labelled JOAFROY HAONUC.
  1755 | D:3      | Found a broken altar of Ashenzari.
  1846 | D:3      | Found a sparkling altar of Nemelex Xobeh.
  1913 | D:3      | Found a stormy altar of Qazlal.
  1913 | D:3      | Noticed a sky beast
  1914 | D:3      | 1914 ||| READING scroll labelled JEADAUSACO.
  1915 | D:3      | 1915 ||| FLEEEEING.
  2056 | D:3      | Killed a sky beast
  2057 | D:3      | Reached skill level 3 in Armour
  2057 | D:3      | Reached XP level 4. HP: 14/26 MP: 4/4
  2057 | D:3      | Reached XP level 5. HP: 16/30 MP: 5/5
  2057 | D:3      | 2057 ||| FLEEEEING.
  2308 | D:3      | Found a runed translucent door.
  2309 | D:3      | Noticed Crazy Yiuf
  2465 | D:4      | Reached skill level 3 in Fighting
  2806 | D:4      | Reached XP level 6. HP: 19/37 MP: 6/6
  2806 | D:4      | 2806 ||| FLEEEEING.
  3081 | D:4      | Reached skill level 6 in Ranged Weapons
  3190 | D:4      | Noticed Robin
  3206 | D:4      | Killed Robin
  3213 | D:4      | 3213 ||| FLEEEEING.
  3418 | D:4      | 3418 ||| UPGRADING to +1 helmet.
  3423 | D:4      | 3423 ||| READING scroll labelled KIUREU ZUXTILL.
  3424 | D:4      | 3424 ||| READING scroll labelled RUHASU VYOCY.
  3425 | D:4      | 3425 ||| DRINKING 2 coppery potions.
  3451 | D:5      | Entered Level 5 of the Dungeon
  3495 | D:5      | 3495 ||| READING scroll of enchant weapon.
  3495 | D:5      | 3495 ||| ENCHANTING +2 shortbow.
  3538 | D:5      | Found a staircase to the Ecumenical Temple.
  3539 | D:5      | 3539 ||| PLANNING TEMPLE
  3539 | D:5      | 3539 ||| READING scroll labelled CUIKAN HEANK.
  3548 | Temple   | Entered the Ecumenical Temple
  3549 | Temple   | 3549 ||| PLANNING D:1-11
  3731 | D:5      | Reached XP level 7. HP: 43/43 MP: 7/7
  3756 | D:5      | 3756 ||| FLEEEEING.
  3845 | D:5      | Noticed Blork the orc
  3854 | D:5      | Killed Blork the orc
  3855 | D:5      | Reached skill level 7 in Ranged Weapons
  3875 | D:5      | Found an opulent altar of Gozag.
  4697 | D:5      | 4697 ||| UPGRADING to +0 cloak.
  4702 | D:5      | 4702 ||| READING scroll labelled ALEQET NOEXANN.
  4703 | D:5      | 4703 ||| FLEEEEING.
  4774 | D:6      | Noticed Eustachio
  4783 | D:6      | 4783 ||| RETREEEEATING.
  4787 | D:6      | 4787 ||| RETREEEEATING.
  4788 | D:6      | 4788 ||| RETREEEEATING.
  4819 | D:6      | Killed Eustachio
  4820 | D:6      | Reached skill level 8 in Ranged Weapons
  4820 | D:6      | Reached XP level 8. HP: 35/48 MP: 8/8
  4820 | D:6      | 4820 ||| FLEEEEING.
  4828 | D:6      | 4828 ||| STAIRDANCE
  4931 | D:6      | Noticed Pikel
  4954 | D:6      | HP: 12/48 [Pikel/+0 whip of flaming (1)]
  4955 | D:6      | 4955 ||| READING 4 scrolls of teleportation.
  4958 | D:6      | 4958 ||| READING 3 scrolls of teleportation.
  4959 | D:6      | HP: 11/48 [ufetubus (2)]
  4961 | D:6      | Found a large runed translucent door.
  5090 | D:6      | Found a large runed translucent door.
  5092 | D:6      | Noticed qw's ghost (novice GrHu)
  5152 | D:6      | 5152 ||| FLEEEEING.
  5157 | D:6      | 5157 ||| STAIRDANCE
  5185 | D:6      | 5185 ||| STAIRDANCE
  5429 | D:6      | Killed Pikel
  5430 | D:6      | Reached skill level 10 in Ranged Weapons
  5430 | D:6      | Reached XP level 9. HP: 45/54 MP: 9/9
  5430 | D:6      | 5430 ||| FLEEEEING.
  5491 | D:6      | Found Ranta's Jewellery Boutique.
  5544 | D:6      | 5544 ||| FLEEEEING.
  5773 | D:6      | Reached skill level 6 in Fighting
  6071 | D:6      | Found Yvoud's Weapon Shoppe.
  6202 | D:6      | 6202 ||| UPGRADING to +0 pair of boots.
  6207 | D:6      | 6207 ||| UPGRADING to +6 ring of dexterity.
  6208 | D:6      | 6208 ||| DROPPING ring of ice.
  6247 | D:7      | Reached skill level 3 in Dodging
  6411 | D:7      | 6411 ||| FLEEEEING.
  6412 | D:7      | 6412 ||| FLEEEEING.
  6413 | D:7      | 6413 ||| FLEEEEING.
  6414 | D:7      | 6414 ||| FLEEEEING.
  6415 | D:7      | 6415 ||| FLEEEEING.
  6416 | D:7      | 6416 ||| FLEEEEING.
  6417 | D:7      | 6417 ||| FLEEEEING.
  6418 | D:7      | 6418 ||| FLEEEEING.
  6419 | D:7      | 6419 ||| FLEEEEING.
  6420 | D:7      | 6420 ||| FLEEEEING.
  6526 | D:7      | 6526 ||| UPGRADING to +1 ring mail of poison resistance.
  6536 | D:7      | 6536 ||| DROPPING +0 ring mail.
  6557 | D:6      | 6557 ||| SHOPLISTING amulet "Vaed" {RegenMP Int+6 Slay+3}
                  | (684 gold, have 291).
  6557 | D:6      | 6557 ||| SHOPLISTING amulet of reflection (330 gold, have
                  | 291).
  6638 | D:7      | 6638 ||| FLEEEEING.
  6876 | D:7      | Reached skill level 11 in Ranged Weapons
  6886 | D:7      | Reached XP level 10. HP: 40/63 MP: 10/10
  6891 | D:7      | 6891 ||| FLEEEEING.
  7241 | D:7      | 7241 ||| FLEEEEING.
  7307 | D:7      | 7307 ||| RETREEEEATING.
  7308 | D:7      | 7308 ||| RETREEEEATING.
  7309 | D:7      | 7309 ||| RETREEEEATING.
  7310 | D:7      | 7310 ||| RETREEEEATING.
  7311 | D:7      | 7311 ||| RETREEEEATING.
  7320 | D:7      | 7320 ||| RETREEEEATING.
  7334 | D:7      | 7334 ||| FLEEEEING.
  7482 | D:7      | 7482 ||| FLEEEEING.
  7719 | D:7      | Reached skill level 12 in Ranged Weapons
  7719 | D:7      | 7719 ||| FLEEEEING.
  7879 | D:7      | 7879 ||| FLEEEEING.
  7984 | D:7      | 7984 ||| DROPPING ring of flight.
  8064 | D:8      | 8064 ||| STAIRDANCE
  8073 | D:7      | 8073 ||| FLEEEEING.
  8105 | D:8      | 8105 ||| STAIRDANCE
  8206 | D:8      | Noticed a four-headed hydra
  8211 | D:8      | HP: 11/64 [four-headed hydra (10)]
  8212 | D:8      | 8212 ||| READING 3 scrolls of teleportation.
  8214 | D:8      | HP: 2/64 [four-headed hydra (7)]
  8214 | D:8      | Mangled by a four-headed hydra

Levels and vault maps discovered:
D:1:      dpeg_arrival_yet_another_circle, layout_basic,
          ebering_ecumenical_altar_mist, serial_shops, shop
D:2:      layout_basic
D:3:      layout_basic, mainiacjoe_overflow_catch_the_wave,
          nicolae_qazlal_beasts_of_the_sky, uniq_crazy_yiuf_cottage
D:4:      kennysheep_goblin_castle, layout_gridville, grunt_decor_clamped
D:5:      layout_layer_cave, mainiacjoe_overflow_alcove_2,
          minmay_temple_entry_statues_fountains, uniq_blork_the_orc
D:6:      layout_basic, ebering_ghost_disaster_area, serial_shops,
          kennysheep_mini_moat, nicolae_take_the_stairs, uniq_eustachio,
          uniq_pikel
D:7:      kennysheep_seaside_town, layout_basic, hangedman_decor_opposing,
          kennysheep_generic_room_5
D:8:      layout_basic, serial_demonic, serial_demonic_d, serial_demonic_e,
          serial_demonic_g, serial_demonic_b, serial_demonic_c,
          serial_demonic_e, kb_rosetta
Temple:   nicolae_temple_ecumenical_triangle

Skill      XL: |  1  2  3  4  5  6  7  8  9 10 |
---------------+-------------------------------+-----
Ranged Weapons | 5 6 8 10 11 12 | 12.3
Armour         | 3 4 |  4.5
Fighting       | 3 4 5 7 8 |  8.0
Dodging        | 2 4 5 |  5.0
Stealth        | |  1.1

Action                     |  1- 3 |  4- 6 |  7- 9 | 10-12 || total
---------------------------+-------+-------+-------+-------++-------
   Fire: Shortbow          |    94 |   147 |   360 |   174 ||   775
    Use: Scroll            |     9 |     4 |     3 |     1 ||    17
         Potion            |       |     1 |       |       ||     1
 Armour: Leather armour    |    10 |       |       |       ||    10
         Ring mail         |    10 |   100 |   143 |    70 ||   323
  Dodge: Dodged            |    30 |    89 |   117 |    62 ||   298

Table legend:
 A = Non-vault XP
 B = Vault XP
 C = Vault XP percentage of total XP
 D = Non-vault monster count
 E = Vault monster count
 F = Vault count percentage of total count
                 A         B        C        D         E       F
            +---------+---------+-------+---------+---------+-------
      Total |    4305 |    3211 |  42.7 |     125 |      57 |  31.3
            +---------+---------+-------+---------+---------+-------
        D:1 |      21 |       0 |   0.0 |      12 |       0 |   0.0
        D:2 |      31 |       0 |   0.0 |      13 |       0 |   0.0
        D:3 |      48 |     132 |  73.3 |      20 |       1 |   4.8
        D:4 |     207 |      54 |  20.7 |      17 |      21 |  55.3
        D:5 |     510 |      90 |  15.0 |      15 |       1 |   6.2
        D:6 |     751 |     838 |  52.7 |      18 |       2 |  10.0
        D:7 |    2200 |    1954 |  47.0 |      25 |      29 |  53.7
        D:8 |     537 |     143 |  21.0 |       5 |       3 |  37.5
            +---------+---------+-------+---------+---------+-------
